 Dungeon Crawl Stone Soup version 0.28.0-1-gb440e238dd (webtiles) character file.

Game seed: 8546691654400465482

2176 jfcaron the Fighter (level 9, -11/96 HPs)
             Began as an Ogre Hunter on Feb 28, 2022.
             Was a Believer of Okawaru.
             Shot with an arrow by a centaur (12 damage)
             ... on level 7 of the Dungeon.
             The game lasted 00:19:41 (9790 turns).

jfcaron the Fighter (Ogre Hunter)                   Turns: 9790, Time: 00:19:42

Health: -11/96     AC:  3    Str: 20 (22) XL:     9   Next: 32%
Magic:  10/10      EV: 10    Int: 11 (12) God:    Okawaru [**....]
Gold:   140        SH:  0    Dex:  6 (9)  Spells: 8/8 levels left

rFire   . . .      SeeInvis .   v - +3 flail (vorpal)
rCold   . . .      Faith    .   (no shield)
rNeg    . . .      Spirit   .   b - +0 robe
rPois   .          Reflect  .   (helmet restricted)
rElec   .          Harm     .   (no cloak)
rCorr   +          Rampage  .   (gloves unavailable)
Will    .....                   (boots unavailable)
Stlth   +.........              z - amulet of magic regeneration
HPRegen 0.26/turn               n - ring of resist corrosion
MPRegen 0.52/turn               (no ring)

@: no status effects
A: large, unfitting armour, tough skin 1
a: Renounce Religion, Heroism


You were on level 7 of the Dungeon.
You worshipped Okawaru.
Okawaru was pleased with you.
You visited 2 branches of the dungeon, and saw 8 of its levels.

You collected 365 gold pieces.
You spent 225 gold pieces at shops.

Inventory:

Hand Weapons
 d - a +2 dagger of flaming
 m - a +0 giant club
 u - a +0 morningstar
 v - a +3 vorpal flail (weapon)
Missiles
 a - 3 silver boomerangs
 c - 87 arrows
 i - 52 sling bullets
 o - 213 stones (quivered)
 p - a large rock
 r - 11 poisoned darts
 s - 15 bolts
Armour
 b - a +0 robe (worn)
Magical Staves
 g - a staff of earth
Jewellery
 n - a ring of resist corrosion (left hand)
 z - an amulet of magic regeneration (around neck)
Wands
 C - a wand of digging (6)
Scrolls
 e - a scroll of torment
 h - a scroll of fog
 k - a scroll of noise
 x - a scroll of blinking
 B - a scroll of identify
Potions
 f - a potion of cancellation
 j - a potion of haste
 q - 2 potions of lignification
 t - a potion of berserk rage
 w - a potion of magic
 A - a potion of resistance
 D - a potion of degeneration


   Skills:
 + Level 8.3 Fighting
 + Level 5.2 Maces & Flails
 + Level 7.2 Throwing
 + Level 5.6 Dodging
 - Level 0.6 Stealth
 + Level 1.3 Invocations


You had 8 spell levels left.
You didn't know any spells.
Your spell library contained the following spells:

 Spells                   Type           Power      Damage    Failure   Level
 Beastly Appendage        Tmut           0%         N/A       34%         1
 Shock                    Conj/Air       0%         1d3       34%         1
 Wereblood                Tmut           0%         N/A       47%         2
 Spider Form              Tmut/Pois      0%         N/A       71%         3
 Dispersal                Tloc           0%         N/A       100%        6
 Disjunction              Tloc           0%         N/A       100%        8


Dungeon Overview and Level Annotations

Branches:
Dungeon (7/15)             Temple (1/1) D:5

Altars:
Ashenzari
Cheibriados
Dithmenos
Elyvilon
Fedhas
Gozag
Hepliaklqana
Kikubaaqudgha
Makhleb
Nemelex Xobeh
Okawaru
Qazlal
Ru
Sif Muna
Trog
Uskayaw
Vehumet
Wu Jian
Xom
Yredelemnul
Zin
The Shining One

Shops:
D:6 ?

Annotations:
D:3 3 runed translucent doors, exclusion: statue, Anonymone's ghost, amateur DsVM; jr88keys's ghost, amateur MiBe


Innate Abilities, Weirdness & Mutations

You are too large for most types of armour.
You have tough skin. (AC +1)


Message History

The orc warrior hits you from afar with a +0 trident.
Unknown command.
You closely miss the orc priest.
The orc priest is almost dead.
The orc priest closely misses you. The centaur hits you.
The centaur kicks you but does no damage.
The orc warrior hits you from afar with a +0 trident!
Unknown command.
You sock the orc priest!
You kill the orc priest!
Okawaru accepts your kill. The centaur completely misses you.
The centaur barely misses you.
The orc warrior hits you from afar with a +0 trident!
* * * LOW HITPOINT WARNING * * *
The centaur hits you.
* * * LOW HITPOINT WARNING * * *
The centaur barely misses you.
Your surroundings seem slightly different.
An orc comes into view. It is wielding a +0 club.
The centaur wields a +0 shortbow.
The centaur shoots an arrow.
The arrow hits you.
* * * LOW HITPOINT WARNING * * *
Unknown command.
Okay, then.
Unknown command.
It was a potion of degeneration.
There was something very wrong with that liquid.
You feel weakened.
You feel dopey.
You feel clumsy.
The centaur shoots an arrow.
The arrow closely misses you. The orc warrior misses you.
You feel much better.
The centaur shoots an arrow.
The arrow barely misses you.
The centaur shoots an arrow.
The arrow hits you!
* * * LOW HITPOINT WARNING * * *
The orc warrior hits you from afar with a +0 trident!
* * * LOW HITPOINT WARNING * * *
Unknown command.
The orc warrior completely misses you. The orc hits you with a +0 club.
* * * LOW HITPOINT WARNING * * *
The centaur shoots an arrow.
The arrow hits you!
You die...

#####+##....>#........###........
....#..................†.........
..................#####..#..#####
.....####........## .##.#.## #
..#...#.#.....#..# ..#####
........#....##..# #c..
.##.....#........# (..
#................## ..
..####..........@.##.#
..##.............oo#.#
...##..#....##..c.)'.#
#......#...........#.#
##.#...#..###.##..##.#
...###....# ###..## .. ...#
#.....# ....# ... ....
#.....#.....# #.c.
.........#.......# o.##


You could see an orc warrior, a centaur and an orc.

Vanquished Creatures
  A water moccasin (D:7)
  3 ice beasts
  An orc warrior (D:4)
  A black bear (D:6)
  3 ogres
  A centaur (D:6)
  3 phantoms
  A kobold brigand (D:7)
  A bullfrog (D:6)
  A gnoll sergeant (D:6)
  A scorpion (D:7)
  2 water moccasin skeletons
  2 bullfrog zombies
  2 jellies
  2 orc priests
  A hound (D:4)
  2 centaur skeletons
  Terence (D:2)
  4 iguanas
  2 orc wizards
  A hound skeleton (D:5)
  8 adders
  5 gnolls (D:6)
  A white imp (D:6)
  An ufetubus (D:4)
  A worm (D:5)
  5 dart slugs
  21 orcs
  11 ball pythons
  8 endoplasms
  2 giant cockroaches
  3 goblins
  3 hobgoblins
  10 kobolds
  4 quokkas
  6 bats
  4 frilled lizards
  6 rats
  3 fungi (D:3)
  4 withered plants (D:3)
142 creatures vanquished.

Notes
Turn   | Place    | Note
-------+----------+-------------------------------------------
     0 | D:1      | jfcaron the Ogre Hunter began the quest for the Orb.
     0 | D:1      | Reached XP level 1. HP: 22/22 MP: 1/1
     5 | D:1      | You fall into a shaft and drop 1 floor!
   114 | D:1      | Reached skill level 3 in Fighting
   114 | D:1      | Reached XP level 2. HP: 20/31 MP: 2/2
   832 | D:1      | Reached XP level 3. HP: 37/37 MP: 3/3
  1062 | D:1      | Reached skill level 1 in Maces & Flails
  1469 | D:2      | Noticed Terence
  1481 | D:2      | Killed Terence
  1482 | D:2      | Reached XP level 4. HP: 17/48 MP: 4/4
  1934 | D:2      | Reached skill level 4 in Fighting
  2223 | D:2      | Reached XP level 5. HP: 38/54 MP: 5/5
  2383 | D:3      | Found a radiant altar of Vehumet.
  2383 | D:3      | Noticed a charred statue
  2835 | D:3      | Found a runed translucent gate.
  2836 | D:3      | Found a runed translucent gate.
  2836 | D:3      | Found a runed translucent gate.
  2837 | D:3      | Noticed jr88keys's ghost (amateur MiBe)
  2838 | D:3      | Noticed Anonymone's ghost (amateur DsVM)
  2876 | D:3      | Found a faded altar of an unknown god.
  2896 | D:3      | Got Plato's Collected Works on Lightness
  3639 | D:5      | Entered Level 5 of the Dungeon
  3679 | D:5      | Noticed an ogre
  3701 | D:5      | HP: 1/55 [ogre (16)]
  4077 | D:5      | Noticed a phantom
  4081 | D:5      | Reached XP level 6. HP: 63/63 MP: 6/6
  4094 | D:5      | Reached skill level 5 in Throwing
  4345 | D:5      | Reached skill level 5 in Fighting
  4347 | D:5      | HP: 12/66 [orc (2)]
  4659 | D:5      | Found a staircase to the Ecumenical Temple.
  4672 | Temple   | Entered the Ecumenical Temple
  4675 | Temple   | Reached XP level 7. HP: 50/72 MP: 7/7
  4799 | Temple   | Became a worshipper of Warmaster Okawaru
  5374 | D:5      | HP: 14/72 [orc priest/divine providence (10)]
  6171 | D:4      | Reached skill level 6 in Fighting
  6361 | D:4      | Reached * piety under Okawaru
  6609 | D:5      | Reached XP level 8. HP: 66/83 MP: 8/8
  7500 | D:6      | Reached skill level 7 in Fighting
  7869 | D:6      | Reached skill level 5 in Dodging
  8167 | D:6      | Found Vachytim's Magic Scroll Boutique.
  8182 | D:6      | Bought a scroll of blinking for 82 gold pieces
  8182 | D:6      | Bought a scroll of teleportation for 33 gold pieces
  8182 | D:6      | Bought a scroll of identify for 22 gold pieces
  8182 | D:6      | Bought a scroll of identify for 22 gold pieces
  8182 | D:6      | Bought a scroll of identify for 22 gold pieces
  8421 | D:6      | HP: 11/87 [gnoll sergeant (9)]
  8994 | D:6      | Reached ** piety under Okawaru
  8995 | D:6      | Reached XP level 9. HP: 96/96 MP: 9/9
  9064 | D:6      | Bought a scroll of identify for 22 gold pieces
  9064 | D:6      | Bought a scroll of identify for 22 gold pieces
  9096 | D:7      | Reached skill level 5 in Maces & Flails
  9220 | D:7      | Reached skill level 8 in Fighting
  9648 | D:7      | Reached skill level 1 in Invocations
  9786 | D:7      | HP: 18/96 [orc warrior (14)]
  9787 | D:7      | HP: 8/96 [centaur/arrow (4)]
  9790 | D:7      | HP: 1/96 [orc (4)]
  9790 | D:7      | Shot with an arrow by a centaur

Illustrated notes

Levels and vault maps discovered:
D:1:      dpeg_arrival_boxes_within_box, layout_loops_cross
D:2:      layout_rooms, uniq_terence
D:3:      layout_rooms, vehumet_statue, gammafunk_ghost_cemetery,
          shapermc_ecumenical_altar_rom_forum, st_stairs_5
D:4:      layout_rooms, serial_bayou_pond_b, minmay_misc_feat_encased
D:5:      layout_basic, minmay_temple_entry_butterflies, guppyfry_early_orc_mine
D:6:      layout_gridville, serial_shops, shop, serial_glass, glass_columns_a,
          glass_columns_a, hex_large, grunt_ministairs_4
D:7:      minmay_octagon_keep, layout_cave_pools, dk_noncrumbling_2
Temple:   nicolae_temple_the_god_donut

Skill      XL: |  1  2  3  4  5  6  7  8  9 |
---------------+----------------------------+-----
Fighting       | 3 4 5 6 7 8 |  8.3
Dodging        | 2 3 4 5 |  5.6
Maces & Flails | 1 2 3 4 5 |  5.2
Throwing       | 5 6 7 |  7.2
Invocations    | 1 |  1.3
Stealth        | |  0.6

Action                   |  1- 3 |  4- 6 |  7- 9 || total
-------------------------+-------+-------+-------++-------
Melee: Mace              |   108 |    28 |       ||   136
       Short sword       |     3 |       |       ||     3
       Punch             |     1 |     2 |       ||     3
       Flail             |       |   110 |   134 ||   244
Throw: Large rock        |     6 |     6 |     6 ||    18
       Stone             |       |    66 |    54 ||   120
       Dart              |       |     6 |    24 ||    30
       Boomerang         |       |     5 |    50 ||    55
       Throwing net      |       |     1 |     2 ||     3
  Use: Scroll            |       |     8 |     8 ||    16
       Potion            |       |     2 |     2 ||     4
 Stab: Sleeping          |     6 |       |       ||     6
Armor: Robe              |    39 |    25 |    29 ||    93
       Skin              |       |    27 |       ||    27
Dodge: Dodged            |    56 |    97 |    84 ||   237
